 Dungeon Crawl Stone Soup version 0.32-a0-818-gb728d0252e (webtiles) character file.

Game seed: 14245161358599923606

13774 ragingrage the Bludgeoner (level 11, -1/82 HPs)
             Began as an Armataur Cinder Acolyte on Mar 24, 2024.
             Was a High Priest of Ignis.
             Succumbed to a black mamba's poison
             ... on level 1 of the Lair of Beasts.
             The game lasted 00:31:17 (16381 turns).

ragingrage the Bludgeoner (AtCA)                   Turns: 16381, Time: 00:31:18

Health: -1/82      AC: 24    Str: 24    XL:     11   Next: 80%
Magic:  10/12      EV: 13    Int: 18    God:    Ignis [*****.]
Gold:   568        SH: 10    Dex:  5    Spells: 4/12 levels left

rFire   + . .        b - +0 whip (elec)
rCold   . . .        n - +2 buckler
rNeg    . . .        C - +2 robe {Will+}
rPois   .            y - +0 helmet
rElec   +            J - +2 cloak of Gozag's Inspiration {rElec Int+3}
rCorr   .            L - +2 pair of gloves
SInv    .            (no barding)
Will    +....        B - amulet of reflection
Stlth   +            r - +4 ring of protection
HPRegen 0.33/turn    q - +5 ring of evasion
MPRegen 0.13/turn

%: reflection, roll
@: lethally poisoned (-1 -> -24), ice-armoured
A: large, deformed body, tough skin 3, armoured tail, rollpage 2
a: Renounce Religion, Fiery Armour, Foxfire Swarm, Rising Flame


You were on level 1 of the Lair of Beasts.
You worshipped Ignis.
Ignis was extremely pleased with you.
You visited 2 branches of the dungeon, and saw 12 of its levels.
You also visited: Bailey.

You collected 652 gold pieces.
You spent 84 gold pieces at shops.

Inventory:

Hand Weapons
 b - a +0 whip of electrocution (weapon)
 U - a +1 morningstar
Missiles
 e - 55 poisoned darts
 f - 3 darts of dispersal
 j - 8 curare-tipped darts
 s - 31 boomerangs
 I - a throwing net
 K - 7 datura-tipped darts
Armour
 n - a +2 buckler (worn)
 w - a +1 leather armour of cold resistance
 y - a +0 helmet (worn)
 C - a +2 robe of willpower (worn)
 J - the +2 cloak of Gozag's Inspiration (worn) {rElec Int+3}
   (You found it on level 8 of the Dungeon)

   Int+3:     It affects your intelligence (+3).
   rElec:     It insulates you from electricity.
 L - a +2 pair of gloves (worn)
 Q - +0 acid dragon scales
Jewellery
 q - a +5 ring of evasion (right hand)
 r - a +4 ring of protection (left hand)
 B - an amulet of reflection (around neck)
 S - a ring of ice
Wands
 k - a wand of flame (6)
 D - a wand of roots (16)
 R - a wand of quicksilver (5)
 W - a wand of digging (5)
 Z - a wand of paralysis (11)
Scrolls
 c - a scroll of brand weapon
 d - 2 scrolls of teleportation
 h - 2 scrolls of silence {unknown}
 i - a scroll of revelation {unknown}
 l - 2 scrolls of immolation
 m - 4 scrolls of fog
 o - 2 scrolls of amnesia {unknown}
 p - 2 scrolls of noise
 v - a scroll of butterflies
 x - 3 scrolls of torment
 A - 3 scrolls of enchant weapon
 H - 3 scrolls of blinking
 N - 2 scrolls of vulnerability
 P - a scroll of poison {unknown}
 T - a scroll of fear {unknown}
Potions
 a - a potion of might {unknown}
 g - a potion of haste {unknown}
 t - 5 potions of mutation {unknown}
 u - a potion of magic {unknown}
 z - a potion of heal wounds
 E - 2 potions of curing
 F - a potion of berserk rage {unknown}
 G - a potion of invisibility {unknown}
 M - a potion of attraction {unknown}
 O - a potion of enlightenment {unknown}
 V - a potion of lignification {unknown}
 X - 2 potions of ambrosia {unknown}
 Y - a potion of brilliance {unknown}


   Skills:
 + Level 3.2 Fighting
 + Level 15.1 Maces & Flails
 - Level 2.0 Stealth
 + Level 3.7 Shields
 - Level 1.0 Spellcasting
 - Level 4.0 Fire Magic
 + Level 7.2 Ice Magic
 + Level 1.7 Evocations


You had 4 spell levels left.
You knew the following spells:

 Your Spells              Type           Power      Damage    Failure   Level
a - Ozocubu's Armour      Ice            26%        N/A       3%          3
b - Frozen Ramparts       Ice            52%        1d8       3%          3
c - Scorch                Fire           30%        2d6       7%          2

Your spell library contained the following spells:

 Spells                   Type           Power      Damage    Failure   Level
 Freeze                   Ice            100%       1d10      1%          1
 Hailstorm                Conj/Ice       13%        3d6       16%         3
 Apportation              Tloc           0%         N/A       24%         1
 Necrotise                Necr           0%         1d4       24%         1
 Sting                    Conj/Alch      0%         1d3       24%         1
 Summon Small Mammal      Summ           0%         N/A       24%         1
 Mercury Vapours          Alch/Air       0%         N/A       34%         2
 Fugue of the Fallen      Necr           0%         N/A       56%         3
 Manifold Assault         Tloc           0%         N/A       93%         4


Dungeon Overview and Level Annotations

Branches:
Dungeon (10/15)            Temple (0/1) D:4            Lair (2/5) D:9
    Orc (0/2) D:10         Bailey (visited)
  Swamp: Lair:2-3    Shoals: Lair:2-3     Snake: Lair:2-3    Spider: Lair:2-3

Altars:
Dithmenos
Fedhas
Nemelex Xobeh
Okawaru
Qazlal
Sif Muna
Trog
Uskayaw
Vehumet
Wu Jian
Beogh

Shops:
D:4 ?

Annotations:
D:4 3 runed translucent doors, Krumphau's ghost, amateur DsMo; hgbash's ghost, amateur OpCj; xfalz's ghost, amateur DrSu
D:9 Josephine
Lair:1 3 runed translucent doors, Joejoil's ghost, journeyman DrSu; Rickenoc's ghost, journeyman GnSu


Innate Abilities, Weirdness & Mutations

Armour fits poorly on your strangely shaped body.
You have extremely tough skin. (AC +3)
You have a long armoured tail.
You regenerate magic and health when rolling toward enemies. (Rampage Regen)


Message History

You hit the black mamba but do no damage.
You feel sick. The black mamba bites you!
You closely miss the black mamba.
You feel sick. The black mamba barely misses you.
You miss the black mamba.
Your tail-slap misses the black mamba.
You feel sick. The black mamba barely misses you.
You completely miss the black mamba.
You feel sick. You block the black mamba's attack.
You hit the black mamba.
Your tail-slap misses the black mamba.
You feel sick. The black mamba bites you!
You are more poisoned.
The black mamba poisons you!
You hit the black mamba but do no damage.
You feel very sick. The black mamba bites you!
You hit the black mamba but do no damage.
You feel very sick.
The black mamba bites you but does no damage.
You hit the black mamba but do no damage.
Your tail-slap misses the black mamba.
You feel very sick.
You hit the black mamba but do no damage.
You feel sick. You block the black mamba's attack.
You miss the black mamba.
Your tail-slap misses the black mamba.
You feel sick.
The black mamba bites you but does no damage.
You hit the black mamba.
Your tail-slap misses the black mamba.
You feel sick. The black mamba misses you.
You hit the black mamba but do no damage.
Your tail-slap misses the black mamba.
You feel sick.
The black mamba bites you but does no damage.
You hit the black mamba but do no damage.
You feel sick. The black mamba bites you!
* * * LOW HITPOINT WARNING * * *
You are more poisoned.
The black mamba poisons you!
You whack the black mamba!
Lightning courses through the black mamba!
You kill the black mamba!
You die...
Ignis goes out, and joins you in death.

.............P#.#.#.##...........
..................#..#.#.#.......
................#.#..............
................#..####+.#......#
#....#..........#........#.....##
..(.####.........##..##.#+....>#)
.....#.............)............#
.................†.(.............
................@................
..................##.............
##................##P#.....#####.
##...........##.########### ##
###........##### #
#.##........#### #
#######..........P#
#P#.#^...........##
#^......####+++###


There were no monsters in sight!

Vanquished Creatures
  A two-headed ogre (D:9)
  Erica (D:9)
  Pikel (D:4)
  An orc knight (Bailey)
  Joseph (D:10)
  2 black mambas (Lair:1)
  A kobold demonologist (D:7)
  4 cane toads (Lair:1)
  A rime drake (Lair:1)
  2 komodo dragons
  A troll (D:10)
  2 hornets
  2 shadows (D:10)
  A wraith (D:10)
  A basilisk (Lair:1)
  2 wyverns
  14 yaks
  2 acid dragons
  4 water moccasins
  Duvessa (D:5)
  7 orc warriors
  An ogre (D:4)
  A sky beast (D:7)
  3 black bears
  3 centaurs
  3 lemures
  4 kobold brigands
  A phantom (D:4)
  5 bullfrogs
  A gnoll sergeant (D:7)
  7 wights
  Dowan (D:5)
  3 howler monkeys (D:8)
  3 hounds
  4 jellies
  4 bombardier beetles
  9 orc priests
  2 sleepcaps (D:7)
  Natasha (thrice) (D:2)
  2 iguanas (D:4)
  10 orc wizards
  Robin (D:4)
  11 adders
  10 gnolls
  3 ribbon worms
  40 orcs
  10 ball pythons
  6 endoplasms
  4 giant cockroaches
  14 goblins
  7 hobgoblins
  3 quokkas
  6 bats
  3 frilled lizards
  22 kobolds
  7 rats
269 creatures vanquished.

Vanquished Creatures (collateral kills)
  An orc warrior (Bailey)
  2 kobold brigands (Bailey)
3 creatures vanquished.

Vanquished Creatures (others)
  A deep elf pyromancer (D:9)
  2 orc warriors (Bailey)
  A kobold brigand (Bailey)
  15 foxfires (D:7)
19 creatures vanquished.

Grand Total: 291 creatures vanquished

Notes
Turn   | Place    | Note
-------+----------+-------------------------------------------
     0 | D:1      | ragingrage the Armataur Cinder Acolyte began the quest for
                  | the Orb.
     0 | D:1      | Reached XP level 1. HP: 18/18 MP: 2/2
   210 | D:1      | Reached skill level 1 in Stealth
   210 | D:1      | Reached XP level 2. HP: 25/25 MP: 3/3
   213 | D:1      | Learned a level 2 spell: Scorch
   349 | D:1      | Reached skill level 3 in Maces & Flails
   978 | D:2      | Found an ornate altar of the Wu Jian Council.
   978 | D:2      | Noticed Natasha
   987 | D:2      | Killed Natasha
   988 | D:2      | Reached XP level 3. HP: 10/30 MP: 1/4
   995 | D:2      | Noticed Natasha
  1010 | D:2      | Killed Natasha
  1011 | D:2      | Reached XP level 4. HP: 31/37 MP: 1/5
  1728 | D:2      | Noticed Natasha
  1734 | D:2      | Killed Natasha
  2163 | D:3      | Reached XP level 5. HP: 39/42 MP: 0/6
  2287 | D:3      | Found an iron altar of Okawaru.
  2289 | D:3      | Reached skill level 4 in Maces & Flails
  2836 | D:4      | Found Dutreovo's Magic Scroll Boutique.
  2858 | D:4      | Bought a scroll of butterflies for 56 gold pieces
  2858 | D:4      | Bought a scroll of identify for 28 gold pieces
  2887 | D:4      | Noticed a black bear
  2898 | D:4      | Killed a black bear
  2899 | D:4      | Reached skill level 5 in Maces & Flails
  2899 | D:4      | Reached XP level 6. HP: 42/50 MP: 2/7
  3260 | D:4      | Found a runed translucent gate.
  3261 | D:4      | Found a runed translucent gate.
  3262 | D:4      | Found a runed translucent gate.
  3263 | D:4      | Noticed Krumphau's ghost (amateur DsMo)
  3263 | D:4      | Noticed xfalz's ghost (amateur DrSu)
  3263 | D:4      | Noticed hgbash's ghost (amateur OpCj)
  3498 | D:4      | Found a staircase to the Ecumenical Temple.
  3534 | D:4      | Reached skill level 1 in Shields
  3619 | D:4      | Noticed Robin
  3634 | D:4      | Killed Robin
  3916 | D:4      | Gained mutation: You regenerate magic and health when
                  | rolling toward enemies. (Rampage Regen) [Armataur growth]
  3916 | D:4      | Reached XP level 7. HP: 56/56 MP: 3/8
  4043 | D:5      | Entered Level 5 of the Dungeon
  4077 | D:5      | Reached skill level 6 in Maces & Flails
  4454 | D:5      | Noticed Dowan
  4486 | D:5      | Noticed Duvessa
  4503 | D:4      | Reached skill level 7 in Maces & Flails
  4528 | D:5      | Noticed Pikel
  5233 | D:5      | Killed Duvessa
  5398 | D:5      | Found a bloodstained altar of Trog.
  5416 | D:5      | Killed Dowan
  5502 | D:5      | Found a shimmering blue altar of Sif Muna.
  5506 | D:5      | Got Sif Muna's Reference Book on the Alembic
  5679 | D:4      | Killed Pikel
  5680 | D:4      | Reached skill level 9 in Maces & Flails
  5680 | D:4      | Reached XP level 8. HP: 41/62 MP: 1/9
  5946 | D:5      | Learned a level 3 spell: Ozocubu's Armour
  6042 | D:5      | Reached skill level 1 in Ice Magic
  6663 | D:6      | Found a hide-covered altar of Uskayaw.
  6663 | D:6      | Found a radiant altar of Vehumet.
  7064 | D:7      | Found a blossoming altar of Fedhas.
  7110 | D:7      | Found a sparkling altar of Nemelex Xobeh.
  7116 | D:7      | Reached XP level 9. HP: 51/68 MP: 10/10
  7499 | D:7      | Reached skill level 10 in Maces & Flails
  7706 | D:7      | Noticed a kobold demonologist
  7713 | D:7      | Noticed a red devil
  7718 | D:7      | Killed a kobold demonologist
  7844 | D:8      | Learned a level 3 spell: Frozen Ramparts
  8113 | D:8      | Identified the +2 cloak of Gozag's Inspiration {rElec
                  | Int+3}
  8160 | D:8      | Found a flagged portal.
  8179 | Bailey   | Entered a bailey
  8226 | Bailey   | Reached skill level 5 in Ice Magic
  8424 | Bailey   | Noticed an orc knight
  8426 | Bailey   | Reached skill level 11 in Maces & Flails
  8524 | Bailey   | Killed an orc knight
  8525 | Bailey   | Reached XP level 10. HP: 74/74 MP: 6/11
  8602 | Bailey   | Found a burning altar of Makhleb.
  9322 | D:9      | Noticed Erica
  9756 | D:9      | Found a staircase to the Lair.
 10057 | D:9      | Noticed a deep elf pyromancer
 10070 | D:9      | Killed a deep elf pyromancer
 10122 | D:8      | Reached skill level 12 in Maces & Flails
 12552 | D:6      | Reached skill level 13 in Maces & Flails
 13183 | D:3      | Found an ornate altar of the Wu Jian Council.
 13183 | D:3      | Found a shadowy altar of Dithmenos.
 13509 | D:9      | Noticed a two-headed ogre
 13519 | D:9      | Killed Erica
 13520 | D:9      | Reached XP level 11. HP: 68/81 MP: 5/12
 13522 | D:9      | Killed a two-headed ogre
 13587 | D:10     | Entered Level 10 of the Dungeon
 13851 | D:10     | Found a stormy altar of Qazlal.
 14243 | D:10     | Reached skill level 14 in Maces & Flails
 14413 | D:10     | Found a roughly hewn altar of Beogh.
 14417 | D:10     | Found a staircase to the Orcish Mines.
 14791 | D:10     | Noticed Joseph
 14824 | D:10     | Killed Joseph
 14964 | D:10     | Noticed Josephine
 15040 | Lair:1   | Entered Level 1 of the Lair of Beasts
 15306 | Lair:1   | Reached skill level 15 in Maces & Flails
 15749 | Lair:1   | Found a runed translucent gate.
 15749 | Lair:1   | Found a runed translucent gate.
 15749 | Lair:1   | Found a runed translucent gate.
 15787 | Lair:1   | Reached skill level 1 in Evocations
 15953 | Lair:1   | Noticed Rickenoc's ghost (journeyman GnSu)
 15954 | Lair:1   | Noticed Joejoil's ghost (journeyman DrSu)
 16380 | Lair:1   | HP: 2/82 [black mamba (12)]
 16381 | Lair:1   | Succumbed to a black mamba's poison

Illustrated notes

Levels and vault maps discovered:
D:1:      minmay_arrival_four_circles, layout_basic
D:2:      layout_loops_ring, basic_altar, grunt_ministairs_10,
          minmay_randomly_rotated_circles, uniq_natasha
D:3:      layout_rooms, mainiacjoe_overflow_alcove_1,
          nicolae_overflow_hidden_temple
D:4:      layout_gridville, minmay_temple_entry_junction_2,
          gammafunk_ghost_cemetery, serial_shops, nicolae_shop_statue_plus,
          uniq_robin
D:5:      layout_cave_pods, nzn_overflow_gifts_of_might_and_magic, uniq_pikel
D:6:      layout_layer_cave, chequers_temple_overflow_statue_of_worship,
          chequers_mini_garden
D:7:      layout_rooms, fedhas_altar_2, mainiacjoe_overflow_alcove_2,
          minmay_misc_feat_doors
D:8:      layout_loops_cross, enter_bailey_7
D:9:      layout_gridville, dpeg_oklobed_lair, uniq_erica
D:10:     layout_roguey, nicolae_overflow_crystal_walls, david_orc_5,
          roderic_serpentine_path, uniq_josephine, uniq_joseph
Lair:1:   layout_cave_shapes, gammafunk_ghost_cemetery, minivault_11,
          cheibrodos_lair_reptile_den
Lair:2:   regret_index_tunnel_blossom, layout_chaotic_city,
          minmay_shoals_entry_lonely_mermaid, nicolae_snake_entry_warm_welcome,
          beast_lair_carwin_7

Skill      XL: |  1  2  3  4  5  6  7  8  9 10 11 |
---------------+----------------------------------+-----
Stealth        | 1 2 |  2.0
Maces & Flails | 3 5 9 11 13 15 | 15.1
Fire Magic     | 3 4 |  4.0
Shields        | 2 3 |  3.7
Ice Magic      | 3 6 7 |  7.2
Fighting       | 3 |  3.2
Evocations     | 1 |  1.7
Spellcasting   | |  1.0

Action                     |  1- 3 |  4- 6 |  7- 9 | 10-12 || total
---------------------------+-------+-------+-------+-------++-------
  Melee: Mace              |    34 |    44 |       |       ||    78
         Tailslap          |     4 |     4 |    15 |    51 ||    74
         Flail             |       |    26 |    60 |       ||    86
         Whip              |       |       |   175 |   438 ||   613
   Fire: Sling             |       |    20 |       |       ||    20
  Throw: Dart              |       |     3 |    16 |     9 ||    28
   Cast: Scorch            |    13 |    59 |   111 |    24 ||   207
         Ozocubu's Armour  |       |       |     6 |    29 ||    35
         Frozen Ramparts   |       |       |     2 |    27 ||    29
 Invoke: Foxfire Swarm     |       |       |     1 |       ||     1
  Evoke: Wand              |       |       |     1 |     2 ||     3
    Use: Potion            |     2 |       |     2 |       ||     4
         Scroll            |       |     4 |     1 |     7 ||    12
   Stab: Sleeping          |       |       |     2 |       ||     2
 Armour: Robe              |    27 |    84 |   172 |   155 ||   438
  Dodge: Dodged            |    16 |    54 |    59 |   103 ||   232
  Block: Buckler           |       |     8 |   113 |   129 ||   250
         Reflection        |       |       |    10 |     4 ||    14

Table legend: (Time is in decaauts)
 A = Elapsed time spent in this place.
 B = Non-inter-level travel time spent in this place.
 C = Inter-level travel time spent in this place.
 D = Time resting spent in this place.
 E = Time spent auto-exploring this place.
 F = Levels seen in this place.
 G = Mean time per level.
                   A        B        C        D        E       F      G
               +--------+--------+--------+--------+--------+-----+--------+
         Total |  16156 |  15349 |    807 |   3660 |   8910 |  13 | 1242.8 |
       Dungeon |  14489 |  13691 |    798 |   2906 |   8392 |  10 | 1448.9 |
          Lair |   1213 |   1205 |      8 |    546 |    465 |   2 |  606.5 |
        Bailey |    453 |    453 |      0 |    208 |     53 |   1 |  453.0 |
               +--------+--------+--------+--------+--------+-----+--------+

Top non-repeatable levels by time:
     D:8: 2800 daAuts
     D:5: 1996 daAuts
     D:4: 1906 daAuts
     D:9: 1466 daAuts
    D:10: 1332 daAuts
     D:6: 1209 daAuts
  Lair:1: 1208 daAuts
     D:2: 1175 daAuts
     D:7: 1013 daAuts
     D:1: 946 daAuts
     D:3: 642 daAuts
  Bailey: 453 daAuts
  Lair:2: 4 daAuts
